 Dungeon Crawl Stone Soup version 0.30-a0-116-g3b1a8e4ee4 (webtiles) character file.

Game seed: 5826047697299751352

0 avis the Scratcher (level 1, -3/9 HPs)
             Began as a Felid Transmuter on Sept 13, 2022.
             Frozen to death by an endoplasm (5 damage)
             ... on level 1 of the Dungeon.
             The game lasted 00:01:06 (62 turns).

avis the Scratcher (Felid Transmuter)                 Turns: 62, Time: 00:01:07

Health: -3/9       AC:  1    Str:  6    XL:     1   Next: 8%
Magic:  3/4        EV: 17    Int: 14    God:
Gold:   0          SH:  0    Dex: 16    Spells: 3/4 levels left
                                        Lives:  0   Deaths: 0

rFire   . . .      SeeInvis +      - Unarmed
rCold   . . .      Faith    .    (shield unavailable)
rNeg    . . .      Spirit   .    (body armour unavailable)
rPois   .          Reflect  .    (helmet unavailable)
rElec   .          Harm     .    (cloak unavailable)
rCorr   .          Rampage  .    (gloves unavailable)
Will    .....                    (boots unavailable)
Stlth   +.........               (no amulet)
HPRegen 0.03/turn                (no ring)
MPRegen 0.09/turn                (no ring)

@: appendages, quick
A: horns 2, very small, claws 1, fangs 3, see invisible, speed 1, shaggy fur 1,
stealthy paws, no weapons or thrown items, no armour, multi-lived
a: End Transformation


You were on level 1 of the Dungeon.
You had temporarily grown beastly horns.
You visited 1 branch of the dungeon, and saw 1 of its levels.

Inventory:

Potions
 a - a potion of lignification
 b - a potion of cancellation {unknown}


   Skills:
 * Level 1.0 Fighting
 + Level 2.7 Dodging
 * Level 3.0 Unarmed Combat
 - Level 2.0 Spellcasting
 - Level 2.1 Transmutations


You had 3 spell levels left.
You knew the following spells:

 Your Spells              Type           Power      Damage    Failure   Level
a - Beastly Appendage     Tmut           14%        N/A       10%         1

Your spell library contained the following spells:

 Spells                   Type           Power      Damage    Failure   Level
 Wereblood                Tmut           7%         N/A       14%         2
 Spider Form              Tmut/Pois      4%         N/A       41%         3
 Ice Form                 Ice/Tmut       4%         N/A       83%         4


Dungeon Overview and Level Annotations

Branches:
Dungeon (1/15)

Altars:


Innate Abilities, Weirdness & Mutations

You have temporarily grown beastly horns.
You have sharp claws.
You have razor-sharp teeth.
You have supernaturally acute eyesight. (SInv)
You cover ground quickly. (Speed+)
You are covered in fur. (AC +1)
Your paws help you pounce on unaware monsters.
You are incapable of wielding weapons or throwing items.
You cannot wear armour.
You gain extra lives every three experience levels.


Message History

A bat comes into view.
A kobold comes into view. It is wielding a +0 short sword.
The kobold shouts!
The bat completely misses you.
You scratch the bat.
You kill the bat!
Casting: Beastly Appendage (safe; 10% risk of failure)
Confirm with . or Enter, or press ? or * to list all spells.
You miscast Beastly Appendage.
You are very lightly contaminated with residual magic.
Nothing appears to happen.
Casting: Beastly Appendage (safe; 10% risk of failure)
Confirm with . or Enter, or press ? or * to list all spells.
You grow a pair of large bovine horns.
The kobold hits you with a +0 short sword.
Ouch! That really hurt!
You see here a bat corpse.
You barely miss the kobold. The kobold barely misses you.
Unknown command.
You scratch the kobold.
The kobold is moderately wounded.
The kobold hits you with a +0 short sword.
* * * LOW HITPOINT WARNING * * *
Your magical contamination has completely faded away.
An endoplasm comes into view.
The endoplasm quivers.
Your transformation is almost over.
An endoplasm comes into view.
The endoplasm quivers.
Your horns disappear.
Casting: Beastly Appendage (safe; 10% risk of failure)
Confirm with . or Enter, or press ? or * to list all spells.
You grow a pair of large bovine horns.
You scratch the endoplasm.
The endoplasm is severely wounded.
The endoplasm jiggles.
The endoplasm freezes you.
You are frozen.
Ouch! That really hurt!
You die...

#.. ....# .. #J..#
.. ##...# #. #...#
#. #.#.#
#.##.#.##########
#.........J.....#
###.........###J#
####†.####.####@##
##....K####.#
#.♣#♣♣#
.........##.#
#♣...<♣
.#.##.##.##.#
♣.♣..♣# #.
#.##.##.# #.♣#♣♣#
# #.....K.# ##
#.......##
##......# ##.....#


You could see an endoplasm.

Vanquished Creatures
  A bat (D:1)
1 creature vanquished.

Notes
Turn   | Place    | Note
-------+----------+-------------------------------------------
     0 | D:1      | avis the Felid Transmuter began the quest for the Orb.
     0 | D:1      | Reached XP level 1. HP: 9/9 MP: 4/4
    62 | D:1      | Frozen to death by an endoplasm

Illustrated notes

Levels and vault maps discovered:
D:1:      pf_arrival_petrified_forest, layout_loops_cross, serial_shops,
          shop_statue, roderic_roman_lattice

Action                   || total
-------------------------++-------
Melee: Unarmed           ||     4
 Cast: Beastly Appendage ||     2
Dodge: Dodged            ||     2

Table legend: (Time is in decaauts)
 A = Elapsed time spent in this place.
 B = Non-inter-level travel time spent in this place.
 C = Inter-level travel time spent in this place.
 D = Time resting spent in this place.
 E = Time spent auto-exploring this place.
 F = Levels seen in this place.
 G = Mean time per level.
                   A        B        C        D        E       F      G
               +--------+--------+--------+--------+--------+-----+--------+
         Total |     51 |     51 |      0 |      0 |     13 |   1 |   51.0 |
       Dungeon |     51 |     51 |      0 |      0 |     13 |   1 |   51.0 |
               +--------+--------+--------+--------+--------+-----+--------+

Top non-repeatable levels by time:
     D:1: 51 daAuts
